[ AOE2 MATCH · #505599430 ]
UnrankedPersians vs Vikings
Player's team · WIN
Rival team · LOSS
[ REPLAY ANALYSIS · EXTRACTED FROM THE RECORDED GAME ]
Feudal
—
Castle
—
Imperial
—
| APM avg | 72.5 |
| APM peak | 98 |
| eAPM avg | 30.5 |
| Villagers / military | 32 / 0 |
Focus
⚔️ 10.3% · 🌾 89.7%
Feudal
8:53
Castle
—
Imperial
—
| APM avg | 34.6 |
| APM peak | 48 |
| eAPM avg | 15.9 |
| Villagers / military | 20 / 3 |
Focus
⚔️ 23.9% · 🌾 76.1%
Archer ×3
Match map
Initial resources + every placement click. Lines = walls · curves = elevation contours. ◆ gold · ⬟ stone · ● berries · ✦ relic · ◌ wall gap
Your base· Open — unwalled flank
Toothless's base· Open — unwalled flank
Smoothed initial terrain · ◌ = detected wall gap · hover for details
Inputs per minute
— FC_M@sTer - - Toothless
Build order — FC_M@sTer
48 actions detected in the replay
| 0:01 | Queue | Villager (Male) |
| 0:01 | Queue | Villager (Male) |
| 0:01 | Queue | Villager (Male) |
| 0:01 | Queue | Villager (Male) |
| 0:02 | Build | House |
| 0:04 | Build | House |
| 0:04 | Queue | Villager (Male) |
| 0:05 | Queue | Villager (Male) |
| 1:26 | Queue | Villager (Male) |
| 2:06 | Queue | Villager (Male) |
| 2:06 | Queue | Villager (Male) |
| 2:27 | Build | Lumber Camp |
| 2:44 | Queue | Villager (Male) |
| 2:44 | Queue | Villager (Male) |
| 2:44 | Queue | Villager (Male) |
| 3:07 | Build | House |
| 3:34 | Queue | Villager (Male) |
| 3:34 | Queue | Villager (Male) |
| 3:35 | Queue | Villager (Male) |
| 4:16 | Queue | Villager (Male) |
| 4:16 | Queue | Villager (Male) |
| 4:29 | Research | Loom |
| 4:29 | Research | Loom |
| 4:34 | Build | House |
| 5:28 | Queue | Villager (Male) |
| 5:40 | Queue | Villager (Male) |
| 6:12 | Build | House |
| 6:21 | Queue | Villager (Male) |
| 6:51 | Build | Town Center |
| 6:58 | Build | Mill |
| 7:48 | Queue | Villager (Male) |
| 7:48 | Queue | Villager (Male) |
| 7:49 | Queue | Villager (Male) |
| 8:41 | Queue | Villager (Male) |
| 8:41 | Queue | Villager (Male) |
| 8:59 | Build | House |
| 9:13 | Queue | Villager (Male) |
| 9:13 | Queue | Villager (Male) |
| 9:18 | Build | Palisade Wall |
| 9:30 | Build | Palisade Wall |
| 10:11 | Queue | Villager (Male) |
| 10:11 | Queue | Villager (Male) |
| 10:46 | Build | Palisade Wall |
| 11:16 | Build | Town Center |
| 11:20 | Build | Mill |
| 12:14 | Queue | Villager (Male) |
| 12:15 | Queue | Villager (Male) |
| 12:15 | Queue | Villager (Male) |
Build order — Toothless
35 actions detected in the replay
| 0:01 | Queue | Villager (Male) |
| 0:02 | Build | House |
| 0:03 | Build | House |
| 0:09 | Queue | Villager (Male) |
| 0:09 | Queue | Villager (Male) |
| 0:20 | Queue | Villager (Male) |
| 1:24 | Queue | Villager (Male) |
| 1:48 | Queue | Villager (Male) |
| 1:50 | Build | Lumber Camp |
| 2:21 | Queue | Villager (Male) |
| 2:37 | Build | House |
| 2:45 | Queue | Villager (Male) |
| 2:59 | Queue | Villager (Male) |
| 3:32 | Queue | Villager (Male) |
| 3:54 | Queue | Villager (Male) |
| 4:27 | Queue | Villager (Male) |
| 4:40 | Queue | Villager (Male) |
| 4:43 | Build | Mill |
| 5:22 | Queue | Villager (Male) |
| 5:53 | Queue | Villager (Male) |
| 6:10 | Research | Loom |
| 6:42 | Research | Feudal Age |
| 8:01 | Build | Barracks |
| 8:33 | Build | Mining Camp |
| 8:53 | Age | Feudal Age |
| 8:55 | Queue | Villager (Male) |
| 8:55 | Queue | Villager (Male) |
| 9:01 | Queue | Villager (Male) |
| 9:34 | Queue | Villager (Male) |
| 9:48 | Build | Archery Range |
| 9:49 | Queue | Villager (Male) |
| 10:40 | Queue | Archer |
| 10:43 | Queue | Archer |
| 10:58 | Queue | Archer |
| 11:05 | Build | House |
Match timeline
| 8:01 | Toothless · first_building Barracks |
| 8:53 | Toothless · age_up feudal |
| 9:18 | FC_M@sTer · wall_segment Palisade Wall x1 |
| 9:30 | FC_M@sTer · wall_segment Palisade Wall x2 |
| 9:48 | Toothless · first_building Archery Range |
| 10:46 | FC_M@sTer · wall_segment Palisade Wall x1 |
| 12:21 | Toothless · resign |
[ AI ANALYSIS · 1 CREDIT ]
What really happened in this match?
Wolo.gg analyzes every decision: build order, eco, micro, common mistakes by bracket. Personalized analysis on WhatsApp or Discord in 30 seconds.
Civ guide
Persians
Perfil
Jugador #9750433